Map: Ever Dream LE

Players

Awers - Winner!

  • Race: Terran Terran
  • League: Grandmaster
  • Spawn Location: 1:00

Healer

  • Race: Terran Terran
  • League: Grandmaster
  • Spawn Location: 7:00

VOD

Have the link to the VOD?

Description

Time

  • Played on: May 29, 2020, 7:28 p.m.
  • Length: 8:03
Show
View Real Time Build Order
Export as new Build Order

Awers Terran - Winner!

Build Orders: Cyclone Opening, Mech 

Get SALT Encoding   

  12  0:00  SCV  
  13  0:13  SCV  
  14  0:17  Supply Depot  
  14  0:25  SCV  
  15  0:28  Refinery  
  15  0:39  SCV  
  16  0:45  Barracks  
  16  0:51  SCV  
  16  0:56  Refinery  
  17  1:03  SCV  
  18  1:16  SCV  
  19  1:33  Reaper, Orbital Command  
  19  1:34  Factory  
  20  1:43  Supply Depot  
  20  1:58  SCV  
  21  2:05  Reaper  
  22  2:10  SCV  
  23  2:18  Factory Tech Lab  
  23  2:24  SCV  
  23  2:27  Command Center  
  24  2:38  Cyclone  
  24  2:39  SCV  
  27  2:47  Starport  
  27  2:52  SCV  
  27  2:53  Barracks Reactor  
  28  3:02  Supply Depot  
  28  3:04  SCV  
  29  3:16  SCV  
  30  3:24  Factory Tech Lab  
  30  3:28  SCV  
  30  3:31  Cloaking Field, Marine  
  30  3:33  Banshee  
  36  3:37  Refinery  
  36  3:40  SCV  
  37  3:41  Orbital Command  
  37  3:44  Marine  
  36  3:51  Marine  
  36  3:52  SCV  
  38  4:02  Siege Tank  
  41  4:03  Marine  
  41  4:05  SCV  
  41  4:08  SCV  
  44  4:10  Marine  
  44  4:16  Banshee  
  49  4:17  SCV  
  48  4:29  Marine  
  48  4:30  Marine  
  49  4:31  SCV  
  49  4:32  SCV  
  50  4:43  SCV  
  51  4:45  SCV  
  52  4:56  SCV  
  52  4:58  SCV  
  54  5:03  Supply Depot  
  54  5:22  Command Center  
  54  5:24  SCV x2, Marine x2, Siege Tank  
  61  5:36  SCV  
  62  5:47  Supply Depot  
  62  5:48  Supply Depot, Refinery  
  62  5:49  SCV x2, Banshee  
  69  5:55  Factory  
  69  5:56  Factory  
  67  6:00  Barracks Reactor  
  67  6:02  SCV x2  
  66  6:07  Siege Tank  
  69  6:14  SCV x2  
  71  6:26  SCV x2  
  73  6:36  Orbital Command  
  73  6:38  SCV x2  
  75  6:44  Siege Tank  
  78  6:47  Viking x2  
  78  6:50  SCV  
  78  6:51  SCV  
  78  6:52  Siege Tank  
  87  7:01  Hellion x2  
  88  7:02  SCV, Orbital Command  
  88  7:03  SCV  
  90  7:13  Engineering Bay  
  90  7:14  Armory, Command Center  
  90  7:17  Viking x2  
  90  7:18  SCV  
  90  7:20  SCV  
  96  7:26  Siege Tank  
  98  7:30  Siege Tank  
  101  7:41  Supply Depot  
  101  7:42  SCV x3  
Show
View Real Time Build Order
Export as new Build Order

Healer Terran 

Build Orders: Liberator Opening 

Get SALT Encoding   

  12  0:00  SCV  
  13  0:12  SCV  
  14  0:16  Supply Depot  
  14  0:25  SCV  
  14  0:28  Refinery  
  15  0:38  SCV  
  16  0:44  Barracks  
  16  0:50  SCV  
  16  0:55  Refinery  
  17  1:02  SCV  
  18  1:14  SCV  
  19  1:31  Orbital Command  
  19  1:32  Reaper  
  20  1:37  Factory  
  20  1:49  Supply Depot  
  20  1:57  SCV  
  21  2:04  Reaper  
  22  2:09  SCV  
  23  2:21  SCV, Hellion  
  25  2:40  Reaper  
  25  2:42  Hellion  
  25  2:43  SCV  
  29  2:47  Supply Depot  
  29  2:51  Command Center  
  29  2:55  SCV  
  30  2:59  Starport  
  30  3:08  Hellion  
  30  3:11  SCV  
  30  3:12  Reaper  
  34  3:20  Supply Depot  
  34  3:24  SCV  
  35  3:30  Hellion  
  37  3:36  SCV  
  38  3:41  Liberator  
  38  3:45  Barracks Reactor  
  38  3:48  SCV  
  42  3:54  Factory Tech Lab  
  42  4:00  SCV  
  43  4:03  Orbital Command  
  43  4:08  Refinery  
  43  4:12  SCV  
  43  4:14  Cyclone  
  47  4:23  Marine x2  
  49  4:24  SCV  
  49  4:30  SCV  
  49  4:36  SCV  
  49  4:37  Starport Tech Lab  
  50  4:42  SCV  
  47  4:46  Cyclone  
  47  4:47  Marine x2  
  47  4:48  SCV  
  52  4:54  SCV  
  52  4:57  Raven  
  51  5:00  SCV  
  51  5:04  Marine x2  
  51  5:06  SCV  
  53  5:12  SCV  
  54  5:18  SCV, Siege Tank  
  56  5:22  Marine x2  
  56  5:25  SCV  
  56  5:30  SCV  
  55  5:37  SCV  
  55  5:40  Marine x2  
  56  5:42  SCV  
  56  5:49  SCV  
  57  5:55  SCV, Cyclone  
  59  5:58  Marine x2  
  59  6:02  SCV  
  60  6:07  SCV  
  61  6:12  Medivac  
  61  6:14  SCV  
  61  6:16  Marine x2  
  66  6:19  SCV  
  67  6:28  SCV  
  67  6:31  SCV  
  69  6:33  Marine  
  69  6:34  Marine  
  74  6:40  Siege Tank  
  74  6:41  SCV  
  74  6:43  SCV  
  73  6:51  Marine x2  
  73  6:53  SCV  
  73  6:55  SCV  
  71  7:05  SCV  
  71  7:08  SCV  
  73  7:09  Marine x2  
  73  7:13  Siege Tank  
  78  7:19  SCV, Supply Depot  
  78  7:22  Viking  
  81  7:27  SCV, Marine x2  
  80  7:34  SCV  
  77  7:39  SCV  
  74  7:45  Marine x2  
Tags
 
Add a new tag
Caveats
  • Supply blocks, unpowered buildings, or Contaminate may cause inaccurate times.
  • Supply counts are checked every 10 seconds.